 Dungeon Crawl Stone Soup version 0.29.1-2-gbd0b4ee654 (webtiles) character file.

Game seed: 9595517736893064364

83 GigaChad the Shield-Bearer (level 4, 0/44 HPs)
             Began as a Troll Fighter on Nov 25, 2022.
             Was an Initiate of Ru.
             Slain by a goblin
             ... wielding a +0 club
              (3 damage)
             ... on level 3 of the Dungeon.
             The game lasted 00:03:26 (1835 turns).

GigaChad the Shield-Bearer (Troll Fighter)          Turns: 1835, Time: 00:03:26

Health: 0/44       AC:  4    Str: 26    XL:     4   Next: 22%
Magic:  3/3        EV:  9    Int:  4    God:    Ru [......]
Gold:   124        SH:  7    Dex:  9    Spells: 3/3 levels left

rFire   . . .      SeeInvis .     - Unarmed
rCold   . . .      Faith    .   b - +0 kite shield
rNeg    . . .      Spirit   .   a - +0 robe
rPois   .          Reflect  .   (helmet restricted)
rElec   .          Harm     .   (no cloak)
rCorr   .          Rampage  .   (gloves unavailable)
Will    .....                   (boots unavailable)
Stlth   +.........              (no amulet)
HPRegen 0.94/turn               (no ring)
MPRegen 0.08/turn               (no ring)

@: no status effects
A: large, unfitting armour, claws 3, regeneration 1, shaggy fur 1, tough skin 1
a: Renounce Religion


You were on level 3 of the Dungeon.
You worshipped Ru.
Ru was noncommittal.
You visited 1 branch of the dungeon, and saw 3 of its levels.

You collected 124 gold pieces.

Inventory:

Armour
 a - a +0 robe (worn)
 b - a +0 kite shield (worn)
Jewellery
 h - a ring of protection from cold
Scrolls
 d - 2 scrolls of identify {unknown}
 e - 2 scrolls of acquirement {unknown}
 g - a scroll of vulnerability {unknown}
 i - a scroll of fog {unknown}
 j - a scroll of blinking {unknown}
 k - a scroll of teleportation {unknown}
 l - a scroll of enchant weapon {unknown}
 n - a scroll of noise {unknown}
Potions
 c - 2 potions of might
 f - 3 potions of heal wounds {unknown}
 m - a potion of haste {unknown}


   Skills:
 + Level 2.6 Fighting
 + Level 3.2 Dodging
 + Level 3.2 Shields
 + Level 3.0 Unarmed Combat


You had 3 spell levels left.
You didn't know any spells.
Your spell library contained the following spells:

 Spells                   Type           Power      Damage    Failure   Level
 Ensorcelled Hibernation  Hex/Ice        0%         N/A       90%         2
 Passwall                 Tmut/Erth      0%         N/A       90%         2
 Swiftness                Air            0%         N/A       99%         3


Dungeon Overview and Level Annotations

Branches:
Dungeon (3/15)

Altars:
Ru

Shops:
D:1 *


Innate Abilities, Weirdness & Mutations

You are too large for most types of armour.
You have claws for hands.
Your natural rate of healing is unusually fast.
You are covered in fur. (AC +1)
You have tough skin. (AC +1)


Message History

The bat closely misses you.
A goblin comes into view. It is wielding a +0 club.
An orc comes into view. It is wielding a +0 club.
The goblin shouts!
The bat hits you but does no damage. The orc hits you with a +0 flail!
You see here a scroll labelled PAIM MANIZOTUI.
The bat misses you.
The orc hits you with a +1 whip of electrocution.
The orc hits you with a +0 flail. You block the bat's attack.
The bat hits you but does no damage.
The orc priest looks encouraged for a moment.
The orc hits you with a +0 hand axe.
The orc hits you with a +1 whip of electrocution.
You are electrocuted!
You scratch the orc.
You kill the orc!
The bat hits you but does no damage. You block the orc's attack. x2
The bat hits you but does no damage.
You closely miss the goblin. You block the bat's attack.
The orc hits you but does no damage. The orc closely misses you.
The goblin hits you with a +0 club.
You barely miss the goblin. The orc barely misses you.
The orc hits you but does no damage. You block the goblin's attack.
You block the orc's attack.
The orc priest mumbles some strange prayers to Beogh against you.
Beogh smites you!
* * * LOW HITPOINT WARNING * * *
The bat hits you.
* * * LOW HITPOINT WARNING * * *
You claw the orc!
You kill the orc!
The bat hits you but does no damage. You block the orc's attack. x2
The orc priest hits you with a +0 club.
* * * LOW HITPOINT WARNING * * *
You block the goblin's attack.
Your Unarmed Combat skill increases to level 3!
You closely miss the goblin. The bat barely misses you.
You block the orc's attack. x2; The orc priest barely misses you.
The goblin hits you with a +0 club.
You die...

#.....................#..
#.....................#..
#.....................##)
#........................
#......)..............###
#....................
#...................
#..†...?)o...... ..
#......o@g...... .
#.......)o......
#......b........
#........(......
#...............
#.......?.......
................
................


You could see an orc priest, 2 orcs, a goblin and a bat.

Vanquished Creatures
  2 adders (D:3)
  A worm (D:3)
  5 orcs (D:3)
  5 endoplasms
  6 giant cockroaches
  3 goblins
  A hobgoblin (D:2)
  3 jackals (D:2)
  5 kobolds
  2 quokkas (D:2)
  9 ball pythons
  A bat (D:2)
  3 frilled lizards
  4 rats
50 creatures vanquished.

Notes
Turn   | Place    | Note
-------+----------+-------------------------------------------
     0 | D:1      | GigaChad the Troll Fighter began the quest for the Orb.
     0 | D:1      | Reached XP level 1. HP: 22/22 MP: 0/0
   229 | D:1      | Found a faded altar of an unknown god.
   280 | D:1      | Prayed at the altar of an unknown god.
   280 | D:1      | Became a worshipper of Ru the Awakened
   348 | D:1      | Found Uteofera's General Store.
   353 | D:1      | Reached XP level 2. HP: 29/29 MP: 1/1
   873 | D:2      | Reached XP level 3. HP: 34/36 MP: 2/2
  1513 | D:3      | Reached XP level 4. HP: 44/44 MP: 3/3
  1833 | D:3      | HP: 2/44 [bat (1)]
  1835 | D:3      | Slain by a goblin

Illustrated notes

Levels and vault maps discovered:
D:1:      dpeg_arrival_tiny_c, layout_basic,
          chequers_ecumenical_altar_simple_redux, serial_shops, shop_fountains,
          minmay_tree_intersection
D:2:      layout_loops_ring
D:3:      layout_basic

Skill      XL: |  1  2  3  4 |
---------------+-------------+-----
Shields        | 3 |  3.2
Dodging        | 3 |  3.2
Unarmed Combat | 3 |  3.0
Fighting       | |  2.6

Action                   |  1- 3 |  4- 6 || total
-------------------------+-------+-------++-------
Melee: Unarmed           |   109 |    14 ||   123
Invok: Reject Sacrifices |     1 |       ||     1
Armor: Robe              |    36 |    12 ||    48
Dodge: Dodged            |    25 |    14 ||    39
Block: Kite shield       |    39 |    17 ||    56
